Map: Cyber Forest LE

Players

llllllllllll - Winner!

  • Race: Protoss Protoss
  • League: Master
  • Spawn Location: 5:00

DerBügler

  • Race: Zerg Zerg
  • League: Master
  • Spawn Location: 11:00

VOD

Have the link to the VOD?

Description

Time

  • Played on: Feb. 26, 2019, 11:43 p.m.
  • Length: 13:08
Show
View Real Time Build Order
Export as new Build Order

llllllllllll Protoss - Winner!

Build Orders:  

Get SALT Encoding   

  12  0:01  Probe  
  13  0:14  Probe  
  14  0:26  Probe  
  15  0:37  Pylon  
  15  0:55  Probe  
  16  1:06  Forge  
  16  1:07  Probe  
  16  1:09  Gateway  
  17  1:14  Pylon  
  17  1:19  Probe  
  17  1:25  Assimilator  
  18  1:27  Probe  
  18  1:30  Assimilator  
  19  1:35  Probe  
  20  1:41  Photon Cannon  
  20  1:45  Probe  
  21  1:57  Zealot, Probe  
  21  2:00  Pylon  
  24  2:10  Probe  
  25  2:22  Probe  
  26  2:26  Photon Cannon  
  26  2:29  Photon Cannon  
  26  2:35  Zealot  
  28  2:49  Cybernetics Core  
  28  2:56  Zealot  
  28  3:02  Probe  
  31  3:41  Nexus  
  31  3:53  Pylon  
  25  4:11  Probe  
  25  4:15  Pylon  
  12  4:33  Pylon  
  12  4:38  Probe  
  13  4:50  Probe  
  13  4:52  Photon Cannon  
  14  4:54  Stargate  
  14  5:00  Pylon  
  14  5:03  Probe  
  15  5:11  Probe  
  15  5:19  Probe  
  17  5:36  Void Ray  
  17  5:46  Probe  
  21  5:54  Probe  
  23  6:04  Probe  
  22  6:18  Pylon  
  22  6:20  Gateway  
  22  6:26  Pylon  
  22  6:30  Photon Cannon  
  22  6:42  Pylon  
  22  6:44  Probe  
  23  6:56  Probe  
  21  7:08  Probe  
  22  7:17  Forge  
  22  7:20  Probe  
  23  7:32  Probe  
  23  7:47  Pylon  
  23  7:58  Photon Cannon  
  23  8:03  Void Ray  
  27  8:13  Probe  
  28  8:25  Probe  
  29  8:30  Pylon  
  29  8:38  Pylon  
  29  8:47  Void Ray  
  33  9:10  Nexus  
  33  9:33  Pylon  
  33  9:38  Oracle  
  33  9:45  Gateway  
  36  10:03  Pylon  
  36  10:04  Pylon  
  34  10:39  Gateway  
  34  10:41  Probe  
  35  10:53  Probe  
  35  10:55  Photon Cannon x2  
  36  10:59  Pylon  
  36  11:00  Probe  
  37  11:12  Probe x2  
  39  11:24  Probe  
  40  11:26  Photon Cannon  
  40  11:36  Probe  
  40  11:38  Photon Cannon  
  39  11:58  Probe  
  39  12:12  Photon Cannon  
  39  12:14  Photon Cannon  
  39  12:20  Photon Cannon  
  39  12:21  Gateway  
  39  12:27  Assimilator  
  39  12:36  Assimilator  
  39  12:41  Pylon  
Show
View Real Time Build Order
Export as new Build Order

DerBügler Zerg 

Build Orders: Pool First, Zergling Baneling 

Get SALT Encoding   

  12  0:01  Drone  
  13  0:16  Overlord  
  13  0:18  Drone  
  14  0:35  Drone x2  
  16  0:39  Drone  
  17  0:53  Spawning Pool  
  17  0:55  Drone, Extractor  
  16  1:00  Drone  
  17  1:15  Drone  
  18  1:32  Drone  
  19  1:33  Drone  
  19  1:36  Hatchery  
  19  2:00  Hatchery  
  18  2:03  Zergling x2  
  18  2:04  Zergling x2  
  20  2:10  Metabolic Boost  
  20  2:21  Overlord  
  20  2:31  Baneling Nest  
  20  2:32  Overlord  
  19  2:45  Zergling x4  
  21  2:56  Zergling x4  
  21  2:58  Zergling x2  
  24  3:00  Zergling x2  
  25  3:09  Zergling x2  
  25  3:10  Zergling x2  
  27  3:13  Zergling x2  
  28  3:26  Zergling x4  
  30  3:32  Baneling x7  
  30  3:33  Baneling  
  30  3:40  Zergling x2  
  30  3:42  Baneling  
  30  3:56  Queen  
  27  4:11  Zergling x6  
  29  4:22  Zergling x2  
  24  4:32  Zergling x2  
  24  4:38  Hatchery  
  23  4:47  Zergling x2  
  24  5:02  Zergling x2  
  25  5:07  Drone  
  25  5:12  Drone  
  25  5:13  Drone  
  28  5:15  Hatchery  
  28  5:16  Drone  
  28  5:28  Zergling x4  
  30  5:37  Baneling x6  
  30  5:39  Baneling  
  30  5:40  Baneling  
  30  5:42  Baneling  
  30  5:44  Baneling  
  30  5:45  Baneling  
  30  5:46  Baneling  
  30  5:49  Baneling  
  30  5:50  Baneling  
  30  5:55  Zergling x2  
  31  6:00  Zergling x4  
  33  6:05  Zergling x2  
  27  6:25  Zergling x2  
  27  6:26  Zergling x10  
  27  6:27  Zergling x2  
  27  6:31  Zergling x2  
  34  6:33  Zergling x2  
  34  6:38  Zergling x2  
  35  6:41  Zergling x2  
  35  6:44  Zergling x2  
  37  6:47  Zergling x2  
  36  7:03  Zergling x2  
  36  7:05  Zergling x4  
  36  7:07  Queen  
  39  7:10  Zergling x2  
  39  7:13  Zergling x2  
  41  7:22  Zergling x4  
  39  7:32  Zergling x6  
  39  7:34  Zergling x2  
  38  7:41  Zergling x4  
  37  7:50  Zergling x4  
  35  8:03  Baneling  
  35  8:04  Baneling x7  
  35  8:09  Baneling  
  35  8:10  Baneling x2  
  35  8:15  Zergling x2  
  35  8:18  Zergling x2  
  35  8:19  Zergling x2  
  35  8:28  Zergling x4  
  35  8:30  Baneling  
  35  8:32  Baneling  
  35  8:40  Zergling x4  
  35  8:41  Zergling x2  
  32  8:51  Zergling x6  
  32  8:54  Drone  
  35  8:58  Drone  
  36  9:07  Drone x3  
  39  9:14  Zergling x4  
  39  9:16  Zergling x2  
  39  9:19  Drone  
  37  9:26  Zergling x2  
  37  9:27  Zergling x2  
  37  9:29  Zergling x2  
  37  9:31  Zergling x2  
  37  9:34  Zergling x2  
  37  9:37  Zergling x2  
  39  9:38  Zergling x2  
  39  9:41  Zergling x2  
  41  9:56  Baneling  
  41  9:57  Baneling x7  
  41  9:59  Baneling x4  
  39  10:02  Baneling x2  
  20  10:30  Zergling x2  
  20  10:31  Zergling x10  
  20  10:32  Zergling x6  
  20  10:35  Zergling x2  
  27  10:42  Zergling x2  
  24  11:36  Hatchery  
  24  11:39  Spore Crawler  
  22  11:40  Spore Crawler  
  22  11:41  Spore Crawler  
Tags
 
Add a new tag
Caveats
  • Supply blocks, unpowered buildings, or Contaminate may cause inaccurate times.
  • Supply counts are checked every 10 seconds.